 Dungeon Sprint DCSS version 0.18-b1-20-g17449fe (webtiles) character file.

100 LORDOFBUTT the Grappler (level 4, -3/44 HPs)
             Began as a Troll Berserker on May 3, 2016.
             Was a Priest of Trog.
             Slain by a water elemental (17 damage)
             ... in the Dungeon (Sprint III: "The Ten Rune Challenge").
             The game lasted 00:00:13 (66 turns).

LORDOFBUTT the Grappler (Troll Berserker)             Turns: 66, Time: 00:00:14

Health: -3/44      AC:  5    Str: 25    XL:     4   Next: 47%
Magic:  3/3        EV: 10    Int:  3    God:    Trog [***...]
Gold:   11         SH:  0    Dex: 10    Spells: 0 memorised, 3 levels left

rFire  . . .     SeeInvis .       - Unarmed
rCold  . . .     Gourm    +     a - +0 animal skin
rNeg   . . .     Faith    .     (no shield)
rPois  .         Spirit   .     (helmet restricted)
rElec  .         Dismiss  .     (no cloak)
rCorr  .         Reflect  .     (gloves unavailable)
SustAt .         Harm     .     (boots unavailable)
MR     .....     NoTele   +     (no amulet)
Stlth  +.........               (no ring)
                                (no ring)

@: engulfed (cannot breathe), not resistant to hostile enchantments, very
unstealthy
A: unfitting armour, claws 3, fast metabolism 3, gourmand, regeneration 2,
shaggy fur 1, tough skin 2
a: Berserk, Trog's Hand, Burn Spellbooks, Renounce Religion


You were in the Dungeon.
You worshipped Trog.
Trog was most pleased with you.
You were not hungry.

You visited 1 branch You collected 11 gold pieces.

Inventory:

Armour
 a - a +0 animal skin (worn)
Scrolls
 h - a scroll of blinking
Potions
 c - 2 potions of curing
 d - a potion of heal wounds
 e - a potion of haste
 f - 2 potions of magic
 g - a potion of berserk rage
Comestibles
 b - 2 bread rations


   Skills:
 - Level 2.6 Fighting
 - Level 2.5 Dodging
 + Level 1.1 Stealth
 + Level 9.1 Unarmed Combat


You had 3 spell levels left.
You didn't know any spells.

Dungeon Overview and Level Annotations

Branches:
Dungeon (1/1)

Altars:


Innate Abilities, Weirdness & Mutations

You are too large for most types of armour.
You have claws for hands.
Your metabolism is lightning-fast.
You like to eat raw meat.
You heal very quickly.
You are covered in fur (AC +1).
You have very tough skin (AC +2).


Message History

You claw the water elemental!
The water elemental is heavily damaged.
The water elemental closely misses you.
You scratch the water elemental.
You claw the water elemental, but do no damage.
The water elemental is heavily damaged.
The water elemental hits you!
The water elemental engulfs you in water!
You barely miss the water elemental.
The water elemental is heavily damaged.
Your lungs strain for air!
You scratch the water elemental.
The water elemental is severely damaged.
Your lungs strain for air!
The water elemental closely misses you.
You closely miss the water elemental.
The water elemental is severely damaged.
Your lungs strain for air!
The water elemental hits you!
You die...

▓▓▓▓▓▓▓ ▓▓▓ ..#...####
##.# ..#......## #..#
.##...)...# #..#
#.##.##...# #..###+#+##
#.##.###..# +#..#.......
.####.##..# #...@.⌠.....
###..##.†####...#E..####
.....##..###....#.⌠.#
##..##...##†....#...#
#..##....#......#+###
..###..##.#.....# [.#
#.. ####....# ▓▓▓ ▓▓▓
▓▓▓▓▓▓


You could see a water elemental.

Vanquished Creatures
  A scorpion (D)
  Jessica (D)
  A human (D)
  An ooze (D)
  2 rats (D)
6 creatures vanquished.

Notes
Turn   | Place    | Note
--------------------------------------------------------------
     0 | D        | LORDOFBUTT the Troll Berserker began the quest for the Orb.
     0 | D        | Reached XP level 1. HP: 22/22 MP: 0/0
    10 | D        | Reached skill level 4 in Unarmed Combat
    20 | D        | Noticed Jessica
    25 | D        | Killed Jessica
    25 | D        | Reached ** piety under Trog
    25 | D        | Reached skill level 6 in Unarmed Combat
    25 | D        | Reached XP level 2. HP: 23/29 MP: 1/1
    25 | D        | Reached XP level 3. HP: 28/36 MP: 2/2
    44 | D        | Noticed a scorpion
    48 | D        | Killed a scorpion
    48 | D        | Reached *** piety under Trog
    48 | D        | Reached skill level 1 in Stealth
    48 | D        | Reached skill level 8 in Unarmed Combat
    48 | D        | Reached XP level 4. HP: 44/44 MP: 3/3
    54 | D        | Reached skill level 9 in Unarmed Combat
    60 | D        | Noticed a water elemental
    66 | D        | Slain by a water elemental

Skill      XL: |  1  2  3  4 |
---------------+-------------+-----
Unarmed Combat | 6 8 9 |  9.1
Stealth        | 1 |  1.1
Fighting       | |  2.6
Dodging        | |  2.5

Action                   |  1- 3 |  4- 6 || total
-------------------------+-------+-------++-------
Melee: Unarmed           |     9 |    11 ||    20
       Punch             |     1 |     1 ||     2
 Stab: Sleeping          |     1 |       ||     1
Armor: Animal skin       |     3 |     1 ||     4
Dodge: Dodged            |     3 |     4 ||     7
